AoeStats
← NightmarysCZE

MegaRandom

509183417Analyzed
4v4 RM · 8d ago on Sep 25, 2026· 24m 43s· 8 players
Game mode
Random Map
Map size
Large (8 player)
Population
200
Speed
Normal
Resources
Standard
Victory
Conquest
Starting age
Dark Age
Ending age
Imperial Age
RankedLock teamsTeams togetherTeam positionsShared explorationLock speedFull tech treeHidden civsTurbo modeCheats
Victory
Defeat
🇷🇺 Mongols · Russia
1186
+10
🇷🇺 Saracens · Russia
1103
+13
🇺🇦 Magyars · Ukraine
1000
+17
🇮🇱 Varangians · Israel
969
+17
🇨🇿 Bulgarians · Czechia
1051
-15
🇪🇸 Mongols · Spain
1045
-15
🇪🇨 Byzantines · Ecuador
1014
-14
🇨🇿 Armenians · Czechia
1004
-13
fran135
11:10 Feudal Age
12:38 Double-Bit Axe
16:03 Castle Age
NightmarysCZE
4:12 Loom
10:45 Feudal Age
11:03 Man-at-Arms
11:34 Arson
13:00 Forging
15:14 Padded Archer Armor
15:04 Fletching
16:00 Scale Mail Armor
16:12 Double-Bit Axe
16:09 Horse Collar
17:40 Long Swordsman
Archon
11:11 Feudal Age
henry2992
1:04 Loom
10:19 Feudal Age
arst239
8:12 Loom
10:31 Feudal Age
11:26 Double-Bit Axe
13:14 Horse Collar
17:46 Castle Age
17:05 Wheelbarrow
16:32 Stone Mining
16:34 Gold Mining
20:41 Fletching
20:57 Scale Barding Armor
21:03 Forging
23:01 Heavy Plow
23:44 Stone Shaft Mining
ODIUM UA
5:05 Loom
10:00 Feudal Age
10:28 Horse Collar
11:06 Double-Bit Axe
15:12 Castle Age
14:41 Wheelbarrow
14:01 Gold Mining
14:11 Town Watch
15:39 Scale Barding Armor
21:12 Bloodlines
21:02 Husbandry
21:19 Fletching
23:36 Chain Barding Armor
23:25 Corvinian Army
WAnds | Andrey
1:21 Loom
10:43 Feudal Age
12:08 Double-Bit Axe
12:32 Horse Collar
22:07 Castle Age
WAnds | danila90r
2:11 Loom
10:04 Feudal Age
11:06 Double-Bit Axe
14:56 Castle Age
13:53 Wheelbarrow
15:21 Fletching
17:36 Bow Saw
21:54 Bodkin Arrow
22:10 Husbandry
23:19 Ballistics
24:12 Bloodlines
Connection lost

Rejoining the realm…

Still unreachable

The connection could not be restored.

Session expired

The server has moved on; the page needs a fresh start.